 Dungeon Crawl Stone Soup version 0.30-a0-377-g5cb311bc9f (webtiles) character file.

Game seed: 13587695488506666664

42 Shayle the Conjurer (level 3, -3/28 HPs)
             Began as a Demonspawn Reaver on Nov 28, 2022.
             Slain by a gnoll
             ... wielding a +0 spear
              (6 damage)
             ... on level 2 of the Dungeon.
             The game lasted 00:04:15 (1241 turns).

Shayle the Conjurer (Demonspawn Reaver)             Turns: 1241, Time: 00:04:15

Health: -3/28      AC:  6    Str: 12    XL:     3   Next: 35%
Magic:  6/6        EV: 11    Int: 16    God:
Gold:   118        SH:  0    Dex: 11    Spells: 5/6 levels left

rFire   . . .      SeeInvis .    a - +0 hand axe
rCold   . . .      Faith    .    (no shield)
rNeg    . . .      Spirit   .    b - +0 leather armour
rPois   .          Reflect  .    d - +2 hat
rElec   .          Harm     .    (no cloak)
rCorr   .          Rampage  .    f - +0 pair of gloves
Will    .....                    (no boots)
Stlth   +.........               (no amulet)
HPRegen 0.24/turn                (no ring)
MPRegen 0.10/turn                (no ring)

@: no status effects
A: foul stench 1
a: no special abilities


You were on level 2 of the Dungeon.
You visited 1 branch of the dungeon, and saw 3 of its levels.

You collected 118 gold pieces.

Inventory:

Hand Weapons
 a - a +0 hand axe (weapon)
Armour
 b - a +0 leather armour (worn)
 d - a +2 hat (worn)
 f - a +0 pair of gloves (worn)
Scrolls
 h - a scroll of identify {unknown}
Potions
 c - 2 potions of curing {unknown}
 e - a potion of ambrosia {unknown}
 g - a potion of flight {unknown}


   Skills:
 + Level 2.5 Fighting
 - Level 2.6 Axes
 + Level 1.2 Armour
 - Level 1.7 Dodging
 + Level 1.3 Stealth
 + Level 1.1 Unarmed Combat
 - Level 2.0 Spellcasting
 - Level 3.0 Conjurations


You had 5 spell levels left.
You knew the following spells:

 Your Spells              Type           Power      Damage    Failure   Level
a - Kiss of Death         Conj/Necr      24%        2d7       14%         1

Your spell library contained the following spells:

 Spells                   Type           Power      Damage    Failure   Level
 Momentum Strike          Conj/Tloc      12%        3d8       22%         2
 Hailstorm                Conj/Ice       6%         3d4       38%         3
 Malign Gateway           Summ/Tloc      0%         N/A       100%        7
 Summon Horrible Things   Summ           0%         N/A       100%        8


Dungeon Overview and Level Annotations

Branches:
Dungeon (3/15)

Altars:
Vehumet

Annotations:
D:2 Sigmund


Innate Abilities, Weirdness & Mutations

You may rarely emit foul miasma when damaged in melee.


Message History

The kobold throws a stone.
The stone hits you but does no damage.
You hear a shout!
You barely miss the kobold.
The kobold hits you with a +0 short sword.
You barely miss the kobold. The kobold misses you.
You closely miss the kobold. The kobold closely misses you.
You closely miss the kobold. The kobold hits you but does no damage.
You hit the kobold.
The kobold is severely wounded.
The kobold completely misses you.
You hit the kobold.
You kill the kobold!
Things that are here:
a +0 short sword; 4 stones You now have 118 gold pieces (gained 11).
A gnoll comes into view. It is wielding a +0 spear.
The gnoll shouts!
A gnoll comes into view. It is wielding a +0 flail.
Things that are here:
a +0 short sword; 4 stones The gnoll misses you.
The gnoll hits you with a +0 spear.
You barely miss the gnoll. The gnoll hits you with a +0 spear!
The gnoll hits you with a +0 spear.
You hit the gnoll but do no damage. The gnoll hits you with a +0 spear.
You hit the gnoll.
The gnoll is moderately wounded.
The gnoll hits you with a +0 spear.
* * * LOW HITPOINT WARNING * * *
You hit the gnoll.
The gnoll is severely wounded.
The gnoll misses you.
You hit the gnoll.
The gnoll is almost dead.
The gnoll hits you with a +0 spear.
* * * LOW HITPOINT WARNING * * *
You hit the gnoll but do no damage.
The gnoll is almost dead.
The gnoll hits you with a +0 spear.
You die...

.# #.#####...## >#
#..........#################
.#
#.###......................†
.#####.#
##......##.##.#..#######
.......#
##...#.##.##..#........
###.####
##.##.##|##....####### #..#
####.##.#####.# #. #.##
#g##.# #.# ## #g# #@##.. ..#
# #.# #.#### ### #.# #.# #.#
#.# #.# #.# #.# #.. #.# ###
#.# #)#


You could see a gnoll.

Vanquished Creatures
  2 adders
  3 endoplasms
  2 goblins (D:3)
  3 hobgoblins (D:1)
  5 jackals
  A ball python (D:3)
  A bat (D:1)
  4 kobolds
  2 rats
23 creatures vanquished.

Notes
Turn   | Place    | Note
-------+----------+-------------------------------------------
     0 | D:1      | Shayle the Demonspawn Reaver began the quest for the Orb.
     0 | D:1      | Reached XP level 1. HP: 16/16 MP: 3/3
   403 | D:1      | Gained mutation: You may rarely emit foul miasma when
                  | damaged in melee. [demonic ancestry]
   403 | D:1      | Reached XP level 2. HP: 22/22 MP: 5/5
   857 | D:2      | Noticed Sigmund
   878 | D:3      | Noticed a scorpion
   977 | D:3      | Found a radiant altar of Vehumet.
  1031 | D:3      | Reached skill level 1 in Armour
  1031 | D:3      | Reached skill level 1 in Stealth
  1031 | D:3      | Reached skill level 1 in Unarmed Combat
  1087 | D:2      | Reached XP level 3. HP: 28/28 MP: 6/6
  1241 | D:2      | Slain by a gnoll

Illustrated notes

Levels and vault maps discovered:
D:1:      minmay_arrival_four_loops, layout_basic
D:2:      layout_loops_ring, shapermc_ecumenical_altar_venn, uniq_sigmund,
          uniq_terence
D:3:      layout_loops_ring, nicolae_vehumet_altar_sigil,
          mainiacjoe_overflow_24_doors

Skill      XL: |  1  2 |
---------------+-------+-----
Armour         | 1 |  1.2
Stealth        | 1 |  1.3
Unarmed Combat | 1 |  1.1
Fighting       | |  2.5
Axes           | |  2.6
Dodging        | |  1.7
Spellcasting   | |  2.0
Conjurations   | |  3.0

Action                   || total
-------------------------++-------
Melee: Hand axe          ||   120
  Use: Scroll            ||     1
 Stab: Sleeping          ||     4
Armor: Leather armour    ||    44
Dodge: Dodged            ||    88

Table legend: (Time is in decaauts)
 A = Elapsed time spent in this place.
 B = Non-inter-level travel time spent in this place.
 C = Inter-level travel time spent in this place.
 D = Time resting spent in this place.
 E = Time spent auto-exploring this place.
 F = Levels seen in this place.
 G = Mean time per level.
                   A        B        C        D        E       F      G
               +--------+--------+--------+--------+--------+-----+--------+
         Total |   1261 |   1244 |     17 |     76 |    788 |   3 |  420.3 |
       Dungeon |   1261 |   1244 |     17 |     76 |    788 |   3 |  420.3 |
               +--------+--------+--------+--------+--------+-----+--------+

Top non-repeatable levels by time:
     D:1: 789 daAuts
     D:2: 263 daAuts
     D:3: 208 daAuts
